 Dungeon Crawl Stone Soup version 0.30.1-9-gdf580d7c3d (webtiles) character file.

Game seed: 14442261462425478681

89 LynnLen the Sneak (level 4, 0/21 HPs)
             Began as a Spriggan Enchanter on Oct 13, 2023.
             Succumbed to a kobold brigand's poison
             ... in a sewer on Oct 14, 2023.
             The game lasted 00:10:33 (2219 turns).

LynnLen the Sneak (Spriggan Enchanter)              Turns: 2219, Time: 00:10:34

Health: 0/21       AC:  2    Str:  4    XL:     4   Next: 31%
Magic:  9/9        EV: 16    Int: 18    God:
Gold:   120        SH:  4    Dex: 15    Spells: 7/9 levels left

rFire   . . .        a - +1 dagger
rCold   . . .        h - +0 buckler
rNeg    . . .        b - +0 robe
rPois   .            (helmet restricted)
rElec   .            (no cloak)
rCorr   .            (gloves unavailable)
SInv    +            (boots unavailable)
Will    .....        (no amulet)
Stlth   +++          (no ring)
HPRegen 0.23/turn    (no ring)
MPRegen 0.11/turn

%: no passive effects
@: lethally poisoned (0 -> -9), flying, very quick
A: very small, no large weapons, unfitting armour, see invisible, speed 3
a: no special abilities


You were in a sewer.
You visited 1 branch of the dungeon, and saw 3 of its levels.
You also visited: Sewer.

You collected 120 gold pieces.

Inventory:

Hand Weapons
 a - a +1 dagger (weapon)
Missiles
 i - 5 atropa-tipped darts
Armour
 b - a +0 robe (worn)
 h - a +0 buckler (worn)
Scrolls
 d - 2 scrolls of poison {unknown}
 e - a scroll of magic mapping {unknown}
 g - 2 scrolls of summoning {unknown}
 j - a scroll of brand weapon {unknown}
 k - a scroll of enchant armour {unknown}
Potions
 c - 2 potions of invisibility


   Skills:
 + Level 0.8 Fighting
 * Level 2.5 Short Blades
 + Level 0.2 Throwing
 + Level 3.1 Dodging
 + Level 5.0 Stealth
 + Level 0.4 Shields
 + Level 3.2 Spellcasting
 + Level 4.1 Hexes
 + Level 0.2 Ice Magic


You had 7 spell levels left.
You knew the following spells:

 Your Spells              Type           Power      Damage    Failure   Level
a - Ensorcelled Hibernat  Hex/Ice        20%        N/A       21%         2

Your spell library contained the following spells:

 Spells                   Type           Power      Damage    Failure   Level
 Confusing Touch          Hex            17%        N/A       19%         3
 Tukima's Dance           Hex            17%        N/A       19%         3
 Freeze                   Ice            12%        1d3       28%         1
 Dazzling Flash           Conj/Hex       20%        N/A       38%         3
 Frozen Ramparts          Ice            6%         1d1       65%         3
 Hailstorm                Conj/Ice       3%         3d3       65%         3


Dungeon Overview and Level Annotations

Branches:
Dungeon (3/15)              Sewer (1/1)

Altars:


Innate Abilities, Weirdness & Mutations

You are very small and have problems with some larger weapons.
You are too small for most types of armour.
You have supernaturally acute eyesight. (SInv)
You cover ground extremely quickly. (Speed+++)


Message History

You enter the shallow water.
Moving in this stuff is going to be slow.
Found a gate leading back out of this place.
You enter the shallow water.
Moving in this stuff is going to be slow.
A kobold comes into view.
It is wielding a +0 club and quivering poisoned darts.
You enter the shallow water.
Moving in this stuff is going to be slow. 2 kobolds and a kobold brigand come into view.
The kobold brigand is wielding a +1 short sword of venom and quivering poisoned darts.
The kobold shouts!
You hear a shout! x2; The kobold shouts!
The kobold throws a stone.
The stone hits you.
A kobold brigand comes into view.
It is wielding a +0 short sword and quivering poisoned darts.
You enter the shallow water.
Moving in this stuff is going to be slow.
The kobold throws a poisoned dart.
The poisoned dart hits you!
You are poisoned.
A kobold comes into view. It is wielding a +0 club.
You feel very sick.
The kobold shouts!
The kobold throws a poisoned dart.
The poisoned dart barely misses you.
The kobold moves out of view.
You feel sick.
The kobold throws a stone.
The stone closely misses you.
You feel sick.
You enter the shallow water.
Moving in this stuff is going to be slow.
The kobold throws a poisoned dart.
The poisoned dart hits you!
You are more poisoned.
The kobold brigand throws a poisoned dart.
The poisoned dart hits you!
You are lethally poisoned!
You feel extremely sick.
* * * LOW HITPOINT WARNING * * *
You feel very sick.
* * * LOW HITPOINT WARNING * * *
You feel very sick.
It was a potion of flight.
You feel very buoyant.
You fly up into the air.
You die...

##.....~~~.~~~~~..#...#
~~~~~~~~~~~~~≈≈≈~~#...
≈≈≈≈≈≈≈≈≈≈≈≈≈≈≈≈K..K.
≈~~~~≈~~~~~~~≈≈≈~.#
#......~~~~~~~K..#
#######.~K.K~KK..#
##~######### #~# #@#
#~# #~# #~# #~# #~# #~#
#~# #~#


You could see a kobold.

Vanquished Creatures
  4 adders (D:2)
  2 worms
  3 dart slugs (D:2)
  2 ball pythons (D:1)
  An endoplasm (D:2)
  5 giant cockroaches
  6 goblins
  A hobgoblin (D:2)
  6 kobolds
  2 quokkas
  A bat (D:1)
  3 frilled lizards
  7 rats
43 creatures vanquished.

Notes
Turn   | Place    | Note
-------+----------+-------------------------------------------
     0 | D:1      | LynnLen the Spriggan Enchanter began the quest for the Orb.
     0 | D:1      | Reached XP level 1. HP: 9/9 MP: 5/5
   102 | D:1      | You fall into a shaft and drop 1 floor!
   470 | D:1      | Reached XP level 2. HP: 13/13 MP: 6/6
   750 | D:1      | Learned a level 2 spell: Ensorcelled Hibernation
   985 | D:2      | Reached XP level 3. HP: 17/17 MP: 8/8
  1788 | D:2      | Reached XP level 4. HP: 20/21 MP: 9/9
  2011 | D:3      | Found a glowing drain.
  2066 | D:3      | Reached skill level 5 in Stealth
  2067 | Sewer    | Entered a sewer
  2206 | Sewer    | Noticed a kobold brigand
  2208 | Sewer    | Noticed a kobold brigand
  2219 | Sewer    | Succumbed to a kobold brigand's poison

Illustrated notes

Levels and vault maps discovered:
D:1:      dreamdust_arrival_beginning_and_end, layout_loops_cross
D:2:      layout_basic, corexii_leaking_fountain, dk_noncrumbling_4,
          minmay_distorted
D:3:      minmay_wonky_spiral, layout_loops_ring, cheibrodos_sewer_entry_drain
Sewer:    sewer_kobolds

Skill      XL: |  1  2  3  4 |
---------------+-------------+-----
Short Blades   | 2 |  2.5
Dodging        | 3 |  3.1
Spellcasting   | 3 |  3.2
Hexes          | 4 |  4.1
Stealth        | 5 |  5.0
Fighting       | |  0.8
Throwing       | |  0.2
Shields        | |  0.4
Ice Magic      | |  0.2

Action                     |  1- 3 |  4- 6 || total
---------------------------+-------+-------++-------
  Melee: Dagger            |   100 |    30 ||   130
   Cast: Ensorcelled Hiber |     1 |     2 ||     3
    Use: Potion            |       |     1 ||     1
   Stab: Sleeping          |    13 |     6 ||    19
 Armour: Robe              |     9 |       ||     9
  Dodge: Dodged            |    54 |    14 ||    68
  Block: Buckler           |     2 |     1 ||     3
